 Dungeon Crawl Stone Soup version 0.17-a0-1851-gf12a9eb (webtiles) character file.

35 Geeful the Cudgeler (level 3, 0/27 HPs)
             Began as a Human Wanderer on Sept 19, 2015.
             Slain by an orc
             ... wielding a +0 flail
              (4 damage)
             ... on level 2 of the Dungeon.
             The game lasted 00:04:45 (2593 turns).

Geeful the Cudgeler (Human Wanderer)                Turns: 2593, Time: 00:04:45

Health: 0/27       AC:  4    Str: 10    XL:     3   Next: 55%
Magic:  3/3        EV: 10    Int: 13    God:
Gold:   158        SH:  0    Dex: 14    Spells: 0 memorised, 2 levels left

rFire  . . .     SeeInvis .       - Unarmed
rCold  . . .     Clarity  .     b - +0 leather armour
rNeg   . . .     SustAt   .     (no shield)
rPois  .         Gourm    .     g - +0 helmet
rElec  .         Spirit   .     (no cloak)
rCorr  .         Warding  .     (no gloves)
rMut   .         Stasis   .     (no boots)
MR     .....                    (no amulet)
Stlth  +.........               (no ring)
                                (no ring)

@: lethally poisoned (0 -> -5), not resistant to hostile enchantments, very
unstealthy
A: no striking features
a: no special abilities


You were on level 2 of the Dungeon.
You were not hungry.

You visited 1 branch of the dungeon, and saw 3 of its levels.

You collected 158 gold pieces.

Inventory:

Missiles
 k - a throwing net (quivered)
Armour
 b - a +0 leather armour (worn)
 g - a +0 helmet (worn)
Scrolls
 i - a scroll of enchant armour {unknown}
 j - a scroll of magic mapping
 l - a scroll of identify {unknown}
 m - a scroll of enchant weapon {unknown}
Potions
 a - 3 potions of heal wounds {unknown}
 c - a potion of lignification
 o - a potion of poison {unknown}
Comestibles
 d - a royal jelly
 e - a bread ration
 f - a beef jerky
 h - a meat ration


   Skills:
 - Level 2.0 Fighting
   Level 3.0(3.1) Maces & Flails
   Level 1.0(2.1) Staves
 - Level 2.0 Armour
 - Level 1.0 Stealth
 + Level 2.8 Unarmed Combat
   Level 1.0 Evocations


You had 2 spell levels left.
You didn't know any spells.

Dungeon Overview and Level Annotations

Branches:
Dungeon (3/15)

Altars:


Message History

The orc barely misses you.
You hit the adder.
The adder is moderately wounded.
You feel sick. The adder barely misses you. The orc barely misses you.
The orc hits you but does no damage.
You hit the adder but do no damage.
The adder is moderately wounded.
You feel sick. The adder closely misses you. The orc hits you with a whip.
* * * LOW HITPOINT WARNING * * *
The orc misses you. The orc hits you but does no damage.
The adder bites you but does no damage.
You completely miss the adder.
The adder is moderately wounded.
The orc misses you. The adder bites you but does no damage.
The orc closely misses you. x2
You barely miss the adder.
The adder is moderately wounded.
The adder bites you but does no damage. The orc hits you but does no damage.
The orc hits you with a flail.
You die...

#...####.#....###.....## #.# #
#...# #.####.##.......###.# #
#...# #........)..........# #
#...# #..#####....(...###.# #
#...# #..# ##.#....>####†# #
....# #..# #.............# #
#...# #..# #..###..####..# #
#...####..####.o####.# #..# #
#....(.........o@S...# #..# #
#...........#..o###..# #..# #
.........<........#..####..# #
#...............#.#........######
#..###.##.#.....................)
....................<####.#######
.............####.##..(..#....#
#..###.####..# #.##.####.###.#
#..# #.# #..# #.##.####.# #.#


You could see an adder and 3 orcs.

Vanquished Creatures
  An ooze (D:1)
  2 worms (D:2)
  An orc (D:2)
  6 bats
  A giant cockroach (D:1)
  3 hobgoblins
  2 giant newts (D:1)
  3 goblins
  2 kobolds (D:1)
  4 rats
25 creatures vanquished.

Notes
Turn   | Place    | Note
--------------------------------------------------------------
     0 | D:1      | Geeful the Human Wanderer began the quest for the Orb.
     0 | D:1      | Geeful set off with: a +2 mace, a +0 spear, a potion of lignification, a +0 robe, a bread ration
     0 | D:1      | Reached XP level 1. HP: 16/16 MP: 1/1
   443 | D:1      | Reached skill level 1 in Unarmed Combat
   450 | D:1      | Reached XP level 2. HP: 6/22 MP: 2/2
  1396 | D:2      | Reached XP level 3. HP: 27/27 MP: 3/3
  2593 | D:2      | Slain by an orc

Vault maps used:
D:1:      dpeg_arrival_simpleton_c
D:3:      first_bread, uniq_sigmund, uniq_jessica, uniq_crazy_yiuf_cottage,
          uniq_terence, uniq_grinder

Action                   || total
-------------------------++-------
Melee: Unarmed           ||   152
  Use: Scroll            ||     1
       Potion            ||     1
 Stab: Sleeping          ||     5
  Eat: Chunk             ||     5
